 Dungeon Crawl Stone Soup version 0.31.0-12-g77e489cdc1 (webtiles) character file.

Game seed: 3923939075903066610

28474 spaghetti the Blocker (level 13, -5/68 HPs)
             Began as a Vine Stalker Berserker on Feb 19, 2024.
             Was an Elder of Trog.
             Slain by a yak (21 damage)
             ... on level 4 of the Lair of Beasts.
             The game lasted 00:17:07 (11586 turns).

spaghetti the Blocker (Vine Stalker Berserker)     Turns: 11586, Time: 00:17:08

Health: -5/68      AC: 12    Str: 31    XL:     13   Next: 39%
Magic:  0/14       EV:  2    Int:  9    God:    Trog [****..]
Gold:   1878       SH:  0    Dex: 14    Spells: 12/12 levels left

rFire   . . .        V - +2 demon whip (venom)
rCold   . . .        l - +0 tower shield
rNeg    . . .        Q - +0 chain mail of Gehenna {Int+2 Slay+5}
rPois   .            t - +2 hat
rElec   .            (no cloak)
rCorr   .            x - +0 pair of gloves
SInv    .            (no boots)
Will    +++..        A - amulet of regeneration Stlth
                     h - +6 ring of strength
HPRegen 2.91/turn    p - +5 ring of evasion
MPRegen 0.14/turn

%: guardian spirit
@: sleeping, strong-willed, regenerating
A: fangs 3, regeneration 1, magic shield, antimagic bite, no potion heal 2
a: Renounce Religion, Berserk, Trog's Hand, Brothers in Arms


You were on level 4 of the Lair of Beasts.
You worshipped Trog.
Trog was greatly pleased with you.
You visited 2 branches of the dungeon, and saw 15 of its levels.

You collected 1946 gold pieces.
You spent 68 gold pieces at shops.

Inventory:

Hand Weapons
 a - a +0 hand axe
 k - a +2 vampiric rapier
 J - a +3 eveningstar
 V - a +2 demon whip of venom (weapon)
Missiles
 K - 4 javelins
 R - a throwing net
Armour
 l - a +0 tower shield (worn)
 t - a +2 hat (worn)
 x - a +0 pair of gloves (worn)
 z - the +4 robe of Augmentation {Str+4 Int+4 Dex+4}
   (You found it on level 4 of the Dungeon)

   Str+4:     It affects your strength (+4).
   Int+4:     It affects your intelligence (+4).
   Dex+4:     It affects your dexterity (+4).
 F - a +8 chain mail of ponderousness
 Q - the +0 chain mail of Gehenna (worn) {Int+2 Slay+5}
   (You found it on level 2 of the Lair of Beasts)

   Int+2:     It affects your intelligence (+2).
   Slay+5:    It affects your accuracy & damage with ranged weapons and melee
   (+5).
Jewellery
 f - a ring of magical power
 h - a +6 ring of strength (left hand)
 i - a ring of ice
 p - a +5 ring of evasion (right hand)
 u - a ring of ice
 A - an amulet of regeneration (around neck)
 I - a ring of poison resistance
 S - an amulet of reflection
Wands
 b - a wand of digging (3)
 y - a wand of flame (51)
 D - a wand of roots (20)
 L - a wand of charming (5)
Scrolls
 c - 3 scrolls of vulnerability
 d - 4 scrolls of blinking
 g - 3 scrolls of enchant armour
 j - 6 scrolls of teleportation
 m - 2 scrolls of amnesia
 n - 2 scrolls of revelation
 q - a scroll of fear
 r - 2 scrolls of poison
 s - 3 scrolls of immolation
 B - a scroll of butterflies
 N - 5 scrolls of identify
 P - a scroll of brand weapon
Potions
 e - 7 potions of haste
 o - 3 potions of brilliance
 v - 4 potions of enlightenment
 w - 2 potions of might
 C - a potion of lignification
 E - 4 potions of curing
 G - 2 potions of attraction
 H - 3 potions of resistance
 M - a potion of magic
 O - a potion of cancellation
 T - a potion of mutation {unknown}
 U - a potion of ambrosia


   Skills:
 - Level 8.0 Fighting
 - Level 5.6(5.8) Axes
 + Level 1.9(4.1) Maces & Flails
 - Level 3.2 Armour
 - Level 11.2 Dodging
 - Level 12.3 Shields
 - Level 6.0 Evocations


You had 12 spell levels left.
You didn't know any spells.
Your spell library was empty.

Dungeon Overview and Level Annotations

Branches:
Dungeon (11/15)            Temple (0/1) D:5            Lair (4/5) D:9
 Shoals (0/4) Lair:2       Spider (0/4) Lair:2
  Slime: Lair:4-5       Orc: D:9-12

Altars:
Gozag
Hepliaklqana
Makhleb
Okawaru
Ru
Trog
Xom
Zin

Shops:
D:7 *

Annotations:
D:8 1 runed translucent door, rodbeard's ghost, novice SpSh
D:9 2 transporters


Innate Abilities, Weirdness & Mutations

You have razor-sharp teeth.
Your natural rate of healing is unusually fast.
When hurt, damage is shared between your health and your magic reserves.
Your bite disrupts and absorbs the magic of your enemies.
Potions cannot restore your health.


Message History

You fall asleep.
The yak snorts and paws the ground.
The cane toad stings you!!!
You wake up.
Ouch! That really hurt!
The dream sheep "Baaaas" sleepily.
The dream sheep headbutts you.
You fail to use your ability.
You block the cane toad's attack. The cane toad barely misses you.
The yak snorts and paws the ground.
You block the dream sheep's attack.
Unknown command.
Your skin crawls.
You feel strong-willed. You block the cane toad's attack.
The cane toad completely misses you. You block the dream sheep's attack.
Unknown command.
The cane toad completely misses you.
The dream sheep shake their wool and sparkle.
You feel drowsy...
You fall asleep.
The cane toad stings you!!!
You wake up.
* * * LOW HITPOINT WARNING * * *
You block the cane toad's attack.
Unknown command.
Unknown command.
You block the cane toad's attack. You block the yak's attack.
Unknown command.
Unknown command.
You fail to use your ability.
You block the cane toad's attack. The yak barely misses you.
Unknown command.
Unknown command.
Unknown command.
Your ogre goes berserk!
You kill the dream sheep!
Trog accepts your kill. The cane toad completely misses you.
The dream sheep shake their wool and sparkle.
You feel drowsy...
You fall asleep.
The yak gores you!!
You die...

###### ##
...#..#P###.######.#######
............... ........
...F .......# ...#P.. ##Y.
.O....# #..#P..
...#..Y###.....#####..##..
#....YFF@.....+...<..##..
#....YF#Y.......#...#....
#.......Y#......#.........
........##..|..####.##....
.##..#.#.P.....####.####..
...#............#P†.##...
..........................
..........................
........................


You could see a yak (ally target), 3 cane toads, 4 dream sheep and a friendly
ogre (summoned, berserk).

Vanquished Creatures
  Gastronok (D:8)
  Fannar (D:9)
  A catoblepas (Lair:2)
  A two-headed ogre (D:8)
  Urug (D:10)
  A deep elf knight (D:10)
  A pharaoh ant (Lair:2)
  A skyshark (Lair:3)
  Amaemon (Lair:3)
  A manticore (D:10)
  12 elephants
  2 black mambas
  Joseph (Lair:1)
  A water nymph (Lair:2)
  6 cane toads
  An orange demon (Lair:3)
  Maggie (Lair:2)
  A gargoyle (D:10)
  A rime drake (Lair:2)
  3 komodo dragons
  A hornet (D:7)
  A troll (D:11)
  5 blink frogs (Lair:1)
  A dream sheep (Lair:4)
  A jumping spider (Lair:2)
  Sigmund (D:5)
  7 wyverns
  21 yaks
  2 basilisks
  3 steam dragons
  Edmund (D:6)
  7 water moccasins
  An orc warrior (D:8)
  3 sky beasts
  3 ogres
  2 ice beasts
  5 black bears
  8 centaurs
  3 phantoms
  19 bullfrogs
  2 kobold brigands
  3 scorpions
  5 killer bees (D:8)
  8 howler monkeys
  5 electric eels (D:10)
  A bombardier beetle (D:6)
  A crimson imp (D:10)
  4 hounds
  A jelly (D:8)
  3 orc priests
  An orc wizard (D:4)
  2 iguanas
  A sleepcap (D:5)
  Natasha (twice) (D:2)
  3 gnolls (D:2)
  6 adders
  2 white imps
  4 ufetubi
  A ribbon worm (D:4)
  6 dart slugs
  12 orcs
  2 ball pythons
  10 endoplasms
  2 giant cockroaches
  7 goblins
  12 hobgoblins
  3 quokkas
  6 bats
  A frilled lizard (D:1)
  19 kobolds
  11 rats
280 creatures vanquished.

Vanquished Creatures (collateral kills)
  A catoblepas (Lair:2)
  A boulder beetle (Lair:2)
  Jeremiah (D:8)
3 creatures vanquished.

Grand Total: 283 creatures vanquished

Notes
Turn   | Place    | Note
-------+----------+-------------------------------------------
     0 | D:1      | spaghetti the Vine Stalker Berserker began the quest for
                  | the Orb.
     0 | D:1      | Reached XP level 1. HP: 11/11 MP: 2/2
    39 | D:1      | Reached XP level 2. HP: 16/16 MP: 3/3
   337 | D:1      | Reached XP level 3. HP: 13/19 MP: 2/4
   426 | D:1      | Reached ** piety under Trog
   856 | D:2      | Reached XP level 4. HP: 23/23 MP: 5/5
  1195 | D:2      | Reached skill level 1 in Shields
  1517 | D:2      | Noticed Natasha
  1522 | D:2      | Killed Natasha
  1523 | D:2      | Reached XP level 5. HP: 27/27 MP: 6/6
  1623 | D:2      | Found a glowing silver altar of Zin.
  1762 | D:2      | Noticed Natasha
  1768 | D:2      | Killed Natasha
  1769 | D:2      | Reached skill level 2 in Shields
  2030 | D:3      | Reached skill level 5 in Axes
  2076 | D:3      | Found an opulent altar of Gozag.
  2188 | D:3      | Found a sacrificial altar of Ru.
  2456 | D:4      | Found the +4 robe of Augmentation {Str+4 Int+4 Dex+4}
  2462 | D:4      | Reached XP level 6. HP: 31/32 MP: 7/7
  2465 | D:4      | Reached *** piety under Trog
  2975 | D:5      | Entered Level 5 of the Dungeon
  2989 | D:5      | Found a staircase to the Ecumenical Temple.
  3002 | D:5      | Reached skill level 3 in Shields
  3121 | D:5      | Reached XP level 7. HP: 23/35 MP: 8/8
  3278 | D:5      | Reached skill level 4 in Shields
  3333 | D:5      | Noticed Sigmund
  3344 | D:5      | Killed Sigmund
  3369 | D:5      | Gained mutation: You have razor-sharp teeth. [Vine Stalker
                  | growth]
  3369 | D:5      | Reached XP level 8. HP: 38/39 MP: 9/9
  3430 | D:5      | Reached skill level 5 in Shields
  3995 | D:6      | Reached **** piety under Trog
  4126 | D:6      | Reached skill level 5 in Dodging
  4169 | D:6      | Reached skill level 6 in Shields
  4176 | D:6      | Noticed Edmund
  4195 | D:6      | Killed Edmund
  4265 | D:6      | Found a hazy altar of Hepliaklqana.
  4411 | D:6      | Found an iron altar of Okawaru.
  4417 | D:6      | Reached XP level 9. HP: 43/43 MP: 10/10
  4871 | D:7      | Found Hakeibag's Assorted Antiques.
  4910 | D:7      | Reached skill level 7 in Shields
  5108 | D:7      | Identified a scroll of acquirement
  5108 | D:7      | Acquired 1229 gold pieces
  5343 | D:7      | Noticed a hornet
  5348 | D:7      | Paralysed by a hornet for 3 turns
  5356 | D:7      | Paralysed by a hornet for 1 turns
  5359 | D:7      | HP: 3/64 [poisoned by a hornet]
  5360 | D:7      | Killed a hornet
  5361 | D:7      | HP: 1/43 [poisoned by a hornet]
  5455 | D:7      | Bought a scroll of identify for 68 gold pieces
  5749 | D:8      | Reached skill level 8 in Shields
  5802 | D:8      | Noticed Gastronok
  5823 | D:8      | Killed Gastronok
  5824 | D:8      | Reached skill level 9 in Shields
  5824 | D:8      | Reached XP level 10. HP: 47/47 MP: 11/11
  5866 | D:8      | Noticed rodbeard's ghost (novice SpSh)
  5867 | D:8      | Found a runed translucent door.
  5937 | D:8      | Noticed Jeremiah
  5951 | D:8      | Killed Jeremiah
  6612 | D:8      | Noticed a two-headed ogre
  6622 | D:8      | Killed a two-headed ogre
  7246 | D:9      | Noticed a two-headed ogre
  7247 | D:9      | Noticed a two-headed ogre
  7518 | D:9      | Found a bloodstained altar of Trog.
  7560 | D:9      | Noticed an elephant
  7567 | D:9      | Reached skill level 10 in Shields
  7587 | D:9      | Killed an elephant
  7599 | D:9      | Reached XP level 11. HP: 52/52 MP: 12/12
  7667 | D:9      | Found a transporter.
  7695 | D:9      | Found a transporter.
  7823 | D:9      | Found a staircase to the Lair.
  7848 | D:10     | Entered Level 10 of the Dungeon
  7848 | D:10     | Noticed Fannar
  7924 | D:9      | Killed Fannar
  8161 | D:10     | Noticed Urug
  8184 | D:10     | Killed Urug
  8364 | D:10     | Noticed a manticore
  8376 | D:10     | Killed a manticore
  8382 | D:10     | Noticed a deep elf knight
  8393 | D:10     | Killed a deep elf knight
  8394 | D:10     | Reached skill level 5 in Fighting
  8394 | D:10     | Reached skill level 1 in Evocations
  8534 | D:10     | Found a burning altar of Makhleb.
  8534 | D:10     | Found a shimmering altar of Xom.
  8966 | Lair:1   | Entered Level 1 of the Lair of Beasts
  8992 | Lair:1   | Reached skill level 11 in Shields
  9087 | Lair:1   | Reached skill level 10 in Dodging
  9336 | Lair:1   | Noticed Joseph
  9350 | Lair:1   | Killed Joseph
  9351 | Lair:1   | Reached XP level 12. HP: 54/60 MP: 13/13
  9824 | Lair:2   | Noticed a catoblepas
  9838 | Lair:2   | Killed a catoblepas
  9870 | Lair:2   | Noticed Maggie
  9884 | Lair:2   | Killed Maggie
  9937 | Lair:2   | Noticed a boulder beetle
  9938 | Lair:2   | Noticed a catoblepas
  9949 | Lair:2   | Killed a catoblepas
  9954 | Lair:2   | Killed a boulder beetle
 10107 | Lair:2   | Reached skill level 5 in Evocations
 10136 | Lair:2   | Identified the +0 chain mail of Gehenna {Int+2 Slay+5}
 10204 | Lair:2   | Found a hole to the Spider Nest.
 10385 | Lair:2   | Reached skill level 12 in Shields
 10758 | Lair:3   | Noticed a skyshark
 10774 | Lair:3   | Killed a skyshark
 10823 | Lair:3   | Reached XP level 13. HP: 57/67 MP: 14/14
 11185 | Lair:3   | Noticed Amaemon
 11206 | Lair:3   | Killed Amaemon
 11261 | Lair:3   | Reached skill level 1 in Maces & Flails
 11586 | Lair:4   | Slain by a yak

Illustrated notes

Levels and vault maps discovered:
D:1:      dpeg_arrival_solitude, layout_loops_ring,
          chequers_serial_rivers_micro_a, st_stairs_13, minmay_pentomino_u2
D:2:      layout_basic, basic_altar, minmay_misc_feat_four_crosses,
          minmay_liquid_box, uniq_natasha
D:3:      layout_basic, nicolae_gozag_cash_rules_everything_around_me,
          lemuel_round_altar, dreamdust_mushroom_princess, grunt_ministairs_7
D:4:      layout_cave_pools
D:5:      layout_basic, minmay_temple_entry_sparse_star, uniq_sigmund
D:6:      layout_basic, okawaru_ov_weapons_minmay,
          worldfamousw_hep_ancestral_shrine, uniq_edmund
D:7:      layout_loops_ring, serial_shops, nicolae_shop_hallway_stairs
D:8:      layout_layer_cave, hellmonk_ghost_happy_afterlife, uniq_jeremiah,
          uniq_gastronok
D:9:      gammafunk_beogh_shrine, layout_loops_ring, bloody_trog,
          grunt_lair_entry_orc_guard_hut, erik_orc_1
D:10:     erik_rubicon_b, layout_cave_pools,
          grunt_temple_overflow_champion_of_chaos, serial_column_ruins,
          column_ruins_open_medium, column_ruins_columns_straight,
          column_ruins_grid_2, column_ruins_grid_4, column_ruins_open_small,
          minmay_three_doors, uniq_urug, uniq_fannar
D:11:     layout_roguey, portal_ice_cave_demonic_guard, minivault_16,
          minmay_misc_feat_room, grunt_decor_cap
Lair:1:   layout_big_grid, grunt_forest_stairs_basic, uniq_joseph
Lair:2:   layout_big_grid, nicolae_shoals_entry_flooding,
          nicolae_spider_entry_lesser_pyramids, grunt_megastairs_1,
          serial_bayou_shore_b, infiniplex_staircase_pool_2, uniq_maggie
Lair:3:   layout_gridlike, infiniplex_staircase_pool, grunt_megastairs_3,
          uniq_amaemon
Lair:4:   layout_regular_city, beast_lair_carwin_4

Skill      XL: |  1  2  3  4  5  6  7  8  9 10 11 12 13 |
---------------+----------------------------------------+-----
Axes           | 3 4 5 |  5.6
Shields        | 1 2 3 4 6 9 10 11 12 | 12.3
Dodging        | 2 3 5 8 9 10 11 | 11.2
Fighting       | 3 5 7 8 |  8.0
Evocations     | 3 5 6 |  6.0
Armour         | 2 3 |  3.2
Maces & Flails | 1 |  1.9

Action                     |  1- 3 |  4- 6 |  7- 9 | 10-12 | 13-15 || total
---------------------------+-------+-------+-------+-------+-------++-------
  Melee: Hand axe          |    88 |   164 |     7 |   221 |   110 ||   590
         Bite              |    18 |    49 |   102 |   310 |    55 ||   534
         Rapier            |       |       |   281 |   512 |       ||   793
         Demon whip        |       |       |       |       |    17 ||    17
  Throw: Javelin           |       |       |       |     3 |       ||     3
 Invoke: Berserk           |       |     1 |     3 |    11 |     2 ||    17
         Trog's Hand       |       |       |     1 |     3 |     1 ||     5
         Brothers in Arms  |       |       |       |     2 |     1 ||     3
  Evoke: Wand              |       |       |       |     5 |     4 ||     9
    Use: Potion            |       |     3 |     7 |       |       ||    10
         Scroll            |       |       |    13 |     3 |     1 ||    17
   Stab: Sleeping          |     1 |       |     1 |     2 |       ||     4
         Petrified         |       |       |       |     2 |       ||     2
         Distracted        |       |       |       |     1 |       ||     1
 Armour: Animal skin       |    53 |    35 |       |       |       ||    88
         Robe              |       |    37 |   166 |   270 |       ||   473
         Chain mail        |       |       |       |    41 |   125 ||   166
  Dodge: Dodged            |    66 |    37 |   142 |   483 |   123 ||   851
  Block: Tower shield      |    14 |   108 |   356 |  1001 |   226 ||  1705
